 Dungeon Crawl Stone Soup version 0.17-a0-1738-g82cdc46 (webtiles) character file.

431 kae the Cleaver (level 7, -1/57 HPs)
             Began as a Hill Orc Fighter on Aug 30, 2015.
             Slain by a wight
             ... wielding a +3 falchion of freezing
              (3 damage)
             ... on level 3 of the Dungeon.
             The game lasted 00:02:01 (2278 turns).

kae the Cleaver (Hill Orc Fighter)                  Turns: 2278, Time: 00:02:01

Health: -1/57      AC:  6    Str: 23    XL:     7   Next: 0%
Magic:  7/7        EV:  7    Int:  8    God:
Gold:   109        SH:  9    Dex: 10    Spells: 0 memorised, 6 levels left

rFire  . . .     SeeInvis .     a - +0 war axe
rCold  . . .     Clarity  .     b - +0 scale mail
rNeg   . . .     SustAt   .     c - +0 shield
rPois  .         Gourm    .     (no helmet)
rElec  .         Spirit   .     (no cloak)
rCorr  .         Warding  .     (no gloves)
rMut   .         Stasis   .     (no boots)
MR     .....                    (no amulet)
Stlth  ..........               (no ring)
                                q - +2 ring of strength

@: drained, not resistant to hostile enchantments, extremely unstealthy
A: no striking features
a: no special abilities


You were on level 3 of the Dungeon.
You were not hungry.

You visited 1 branch of the dungeon, and saw 3 of its levels.

You collected 109 gold pieces.

Inventory:

Hand weapons
 a - a +0 war axe (weapon)
Armour
 b - a +0 scale mail (worn)
 c - a +0 shield (worn)
Jewellery
 q - a +2 ring of strength (left hand)
 x - an uncursed ring of protection from fire {unknown}
Magical devices
 f - a wand of teleportation (2)
 v - a wand of hasting (2)
Scrolls
 g - 3 scrolls of identify {unknown}
 i - 2 scrolls of blinking {unknown}
 k - 2 scrolls of teleportation {unknown}
 o - 2 scrolls of recharging {unknown}
 p - a scroll of magic mapping {unknown}
 s - a scroll of amnesia {unknown}
Potions
 d - a potion of might
 j - 3 potions of haste {unknown}
 l - 2 potions of curing {unknown}
 n - 2 potions of brilliance {unknown}
 r - a potion of cure mutation {unknown}
Books
 u - a book of Death

   Spells                             Type                      Level
   a - Corpse Rot                     Necromancy                   2
   b - Sublimation of Blood           Necromancy                   2
   c - Agony                          Necromancy                   5
   d - Dispel Undead                  Necromancy                   5
   e - Excruciating Wounds            Charms/Necromancy            5
   f - Bolt of Draining               Conjuration/Necromancy       5
Comestibles
 e - a bread ration
 h - a royal jelly
 m - a beef jerky
 t - a meat ration
 w - a chunk of flesh


   Skills:
 - Level 3.6(3.0) Fighting
 + Level 9.5(8.8) Axes
 - Level 3.2(2.6) Armour
 - Level 3.2(2.6) Shields


You had 6 spell levels left.
You didn't know any spells.

Dungeon Overview and Level Annotations

Branches:
Dungeon (3/15)

Altars:
Okawaru


Message History

You are too injured to fight recklessly!
You are too injured to fight recklessly!
You hit the wight but do no damage.
The wight is almost destroyed.
You closely miss the wight.
The wight is heavily damaged.
You block the wight's attack.
The wight hits you with a falchion of freezing.
* * * LOW HITPOINT WARNING * * *
The wight freezes you.
* * * LOW HITPOINT WARNING * * *
You hit the wight but do no damage.
The wight is almost destroyed.
You hit the wight.
The wight is heavily damaged.
The wight hits you but does no damage.
The wight hits you with a falchion of freezing!
* * * LOW HITPOINT WARNING * * *
You feel drained.
You die...

#.#####....#..
#..........#..
#
#.......####..
#. #.......#
#. ..
###.####### ..
#...# ####.
#.###
#..:..###.#
#..%z@..#
#...z...<#
#............
#............'
#.#####......#
#. ###########
# ..# #
#####.# #####
#.## ...#.#
#....


You could see 2 wights.

Vanquished Creatures
  Grinder (D:3)
  An orc priest (D:3)
  Natasha (thrice) (D:3)
  6 adders
  4 gnolls
  3 orcs (D:3)
  4 giant cockroaches
  8 hobgoblins
  9 jackals (D:2)
  A quokka (D:3)
  5 bats
  4 giant geckos
  4 giant newts
  11 goblins
  7 kobolds
  5 rats
76 creatures vanquished.

Notes
Turn   | Place    | Note
--------------------------------------------------------------
     0 | D:1      | kae the Hill Orc Fighter began the quest for the Orb.
     0 | D:1      | Reached XP level 1. HP: 19/19 MP: 1/1
    74 | D:1      | Reached XP level 2. HP: 15/26 MP: 2/2
   200 | D:1      | Reached skill level 4 in Axes
   707 | D:2      | Reached XP level 3. HP: 25/31 MP: 3/3
   862 | D:2      | Reached skill level 5 in Axes
   978 | D:2      | Found a faded altar to an unknown god.
  1042 | D:2      | Reached XP level 4. HP: 31/39 MP: 4/4
  1150 | D:2      | Reached skill level 6 in Axes
  1343 | D:3      | Noticed Natasha
  1350 | D:3      | Killed Natasha
  1372 | D:3      | Noticed Natasha
  1382 | D:3      | Killed Natasha
  1382 | D:3      | Reached XP level 5. HP: 28/45 MP: 5/5
  1514 | D:3      | Noticed Grinder
  1522 | D:3      | Paralysed by Grinder for 7 turns
  1530 | D:3      | Killed Grinder
  1530 | D:3      | Reached skill level 8 in Axes
  1530 | D:3      | Reached XP level 6. HP: 20/51 MP: 6/6
  1794 | D:3      | Found an iron altar of Okawaru.
  1799 | D:3      | Reached skill level 9 in Axes
  2217 | D:3      | Noticed Natasha
  2220 | D:3      | Killed Natasha
  2220 | D:3      | Reached XP level 7. HP: 45/57 MP: 7/7
  2278 | D:3      | HP: 2/57 [wight/falchion of freezing (9)]
  2278 | D:3      | Slain by a wight

Vault maps used:
D:1:      saegor_arrival_simple_f, corexii_corridor_pit, hangedman_decor_growths
D:2:      ecumenical_altar_1, st_stairs_7, grunt_decor_fettered,
          kennysheep_potato
D:3:      okawaru_trees_1, uniq_natasha, uniq_grinder

Action                   |  1- 3 |  4- 6 |  7- 9 || total
-------------------------+-------+-------+-------++-------
Melee: War axe           |    97 |   122 |     8 ||   227
  Use: Potion            |       |     1 |       ||     1
  Eat: Chunk             |       |     4 |     1 ||     5
